 Dungeon Crawl Stone Soup version 0.29.0-7-g18a832c13a (webtiles) character file.

Game seed: 1376212575444717468

402 xian the Magician (level 6, -6/32 HPs)
             Began as a Deep Elf Air Elementalist on Sept 1, 2022.
             Was an Initiate of Vehumet.
             Killed by divine providence
             ... invoked by an orc priest
              (17 damage)
             ... on level 5 of the Dungeon.
             The game lasted 00:09:52 (4434 turns).

xian the Magician (Deep Elf Air Elementalist)       Turns: 4434, Time: 00:09:53

Health: -6/32      AC:  3    Str:  5    XL:     6   Next: 55%
Magic:  13/16      EV: 13    Int: 26    God:    Vehumet [......]
Gold:   218        SH:  0    Dex: 15    Spells: 13/16 levels left

rFire   + . .      SeeInvis .   v - +0 hand axe of the Fifty Knaves {protect, rC- Int+4}
rCold   x x .      Faith    .   (no shield)
rNeg    . . .      Spirit   .   a - +0 robe
rPois   .          Reflect  .   (no helmet)
rElec   .          Harm     .   (no cloak)
rCorr   .          Rampage  .   (no gloves)
Will    .....                   d - +0 pair of boots
Stlth   ++........              i - amulet of magic regeneration
HPRegen 0.10/turn               p - ring of fire
MPRegen 0.55/turn               (no ring)

@: no status effects
A: no striking features
a: Renounce Religion


You were on level 5 of the Dungeon.
You worshipped Vehumet.
Vehumet was noncommittal.
You visited 2 branches of the dungeon, and saw 6 of its levels.

You collected 218 gold pieces.

Inventory:

Hand Weapons
 v - the +0 hand axe of the Fifty Knaves (weapon) {protect, rC- Int+4}
   (You found it on level 3 of the Dungeon)

   It grants its wielder temporary protection when it strikes (+7 to AC).
   Int:       It affects your intelligence (+4).
   rC:        It makes you vulnerable to cold.
Missiles
 q - 5 poisoned darts
 u - 6 atropa-tipped darts
Armour
 a - a +0 robe (worn)
 d - a +0 pair of boots (worn)
 n - the +1 ring mail "Judo" {rF+ rC+ Int+5}
   (You found it on level 2 of the Dungeon)

   Int:       It affects your intelligence (+5).
   rF:        It protects you from fire.
   rC:        It protects you from cold.
Jewellery
 i - an amulet of magic regeneration (around neck)
 p - a ring of fire (left hand)
 s - an amulet of the acrobat
Wands
 m - a wand of paralysis (8)
Scrolls
 c - 5 scrolls of identify {unknown}
 g - a scroll of enchant armour {unknown}
 j - a scroll of enchant weapon {unknown}
 l - 3 scrolls of teleportation {unknown}
 w - 2 scrolls of amnesia {unknown}
 x - a scroll of poison {unknown}
 y - a scroll of fog {unknown}
 z - a scroll of magic mapping {unknown}
 A - a scroll of noise {unknown}
 B - 2 scrolls of fear {unknown}
Potions
 b - a potion of magic
 e - a potion of degeneration {unknown}
 f - a potion of heal wounds
 h - a potion of lignification {unknown}
 k - a potion of flight {unknown}
 o - 2 potions of mutation {unknown}
 r - 2 potions of curing {unknown}
 t - a potion of cancellation {unknown}
 C - a potion of invisibility {unknown}


   Skills:
 + Level 0.1 Fighting
 + Level 2.8 Dodging
 + Level 3.2 Stealth
 + Level 5.8 Spellcasting
 + Level 3.5 Conjurations
 + Level 5.0 Air Magic


You had 13 spell levels left.
You knew the following spells:

 Your Spells              Type           Power      Damage    Failure   Level
a - Shock                 Conj/Air       100%       1d9       1%          1
b - Static Discharge      Conj/Air       29%        3-7/arc   1%          2

Your spell library contained the following spells:

 Spells                   Type           Power      Damage    Failure   Level
 Swiftness                Air            33%        N/A       2%          3
 Foxfire                  Conj/Fire      100%       2x1d9     3%          1
 Airstrike                Air            16%        2d(3-19)  9%          4
 Ensorcelled Hibernation  Hex/Ice        14%        N/A       11%         2
 Passwall                 Tmut/Erth      5%         N/A       11%         2
 Conjure Flame            Conj/Fire      25%        6-21      11%         3
 Inner Flame              Hex/Fire       11%        N/A       22%         3
 Flame Wave               Conj/Fire      25%        2d8       34%         4


Dungeon Overview and Level Annotations

Branches:
Dungeon (5/15)             Temple (1/1) D:4

Altars:
Ashenzari
Cheibriados
Dithmenos
Elyvilon
Fedhas
Gozag
Hepliaklqana
Kikubaaqudgha
Nemelex Xobeh
Okawaru
Qazlal
Ru
Sif Muna
Trog
Uskayaw
Vehumet
Wu Jian
Xom
Yredelemnul
Zin
The Shining One

Annotations:
D:3 2 transporters, apoch's ghost, weakling MiFi


Message History

The ufetubus shouts!
You can't see any susceptible monsters within range! (Use Z to cast anyway.)
An ufetubus is nearby!
The zap hits the ufetubus!
You kill the ufetubus!
Vehumet accepts your kill.
An orc comes into view. It is wielding a +0 short sword.
Your Air Magic skill increases to level 5!
The zap hits the orc.
The orc is heavily wounded.
The orc shouts!
You hear a shout! x2
The zap hits the orc.
The orc is almost dead.
An orc priest comes into view. It is wielding a +0 dagger.
The zap hits the orc priest but does no damage.
The orc priest shouts!
A white imp comes into view.
The zap hits the orc priest.
The orc priest is lightly wounded.
The white imp gestures at you. The puff of frost hits you!
You feel a terrible chill!
An orc comes into view. It is wielding a +0 club.
The zap hits the orc!
You kill the orc!
Vehumet accepts your kill.
The zap misses the orc.
The orc priest casts a cantrip, but nothing happens.
The zap hits the orc priest!
The orc priest is heavily wounded.
The zap hits the orc!
You kill the orc!
Vehumet accepts your kill.
The orc priest mumbles some strange prayers to Beogh against you.
Beogh smites you!
An orc comes into view. It is wielding a +0 club.
The orc priest suddenly jeers.
The orc priest mumbles some strange prayers to Beogh against you.
Beogh smites you!
Ouch! That really hurt!
You die...

...#....##........
#.......##........
...###....##......
... #............
#.###
###..........
...######........
.).#......##...
###.##.##.......
#....@.# ###....
........### ....
..###.... ...
#..... .. 5).##...
?o.. ...# ..)#.
.... .o.#. ##?..


You could see an orc priest, a white imp and an orc (wandering).

Vanquished Creatures
  A water moccasin (D:5)
  An ice beast (D:5)
  A howler monkey (D:5)
  Jessica (D:2)
  Robin (D:2)
  3 adders
  An ufetubus (D:5)
  3 worms
  3 dart slugs (D:2)
  7 orcs
  6 ball pythons
  10 endoplasms
  12 goblins
  7 hobgoblins
  5 quokkas
  8 bats
  A frilled lizard (D:1)
  5 kobolds
  4 rats
80 creatures vanquished.

Vanquished Creatures (others)
  5 plants
5 creatures vanquished.

Grand Total: 85 creatures vanquished

Notes
Turn   | Place    | Note
-------+----------+-------------------------------------------
     0 | D:1      | xian the Deep Elf Air Elementalist began the quest for the
                  | Orb.
     0 | D:1      | Reached XP level 1. HP: 10/10 MP: 6/6
   282 | D:1      | Found a faded altar of an unknown god.
   422 | D:1      | Reached XP level 2. HP: 15/15 MP: 2/8
  1178 | D:2      | Reached XP level 3. HP: 19/19 MP: 2/9
  1239 | D:2      | Identified the +1 ring mail "Judo" {rF+ rC+ Int+5}
  1378 | D:2      | Noticed Jessica
  1394 | D:2      | Killed Jessica
  1586 | D:2      | Reached XP level 4. HP: 18/24 MP: 8/11
  1702 | D:2      | Noticed Robin
  1716 | D:2      | Killed Robin
  2111 | D:3      | Found a transporter.
  2111 | D:3      | Noticed apoch's ghost (weakling MiFi)
  2115 | D:3      | Found a transporter.
  2352 | D:3      | Identified the +0 hand axe of the Fifty Knaves {protect,
                  | rC- Int+4}
  2823 | D:3      | Reached XP level 5. HP: 28/28 MP: 9/13
  3311 | D:4      | Found a staircase to the Ecumenical Temple.
  3975 | Temple   | Entered the Ecumenical Temple
  4179 | Temple   | Became a worshipper of Vehumet
  4222 | D:5      | Entered Level 5 of the Dungeon
  4223 | D:5      | Noticed a water moccasin
  4231 | D:4      | Learned a level 2 spell: Static Discharge
  4275 | D:5      | Reached skill level 5 in Spellcasting
  4291 | D:5      | Killed a water moccasin
  4292 | D:5      | Reached XP level 6. HP: 24/32 MP: 10/16
  4298 | D:5      | Noticed an ice beast
  4303 | D:5      | Killed an ice beast
  4428 | D:5      | Reached skill level 5 in Air Magic
  4434 | D:5      | Killed from afar by an orc priest

Illustrated notes

Levels and vault maps discovered:
D:1:      dpeg_arrival_simpleton_a, layout_basic,
          shapermc_ecumenical_altar_notcrosses, grunt_decor_one_mirror,
          minivault_5, minivault_11, serial_bayou_lagoon_a
D:2:      cheibrodos_old_hovel, layout_loops_ring, minmay_fractal_squares_5,
          uniq_robin, uniq_jessica
D:3:      layout_loops_ring, gammafunk_ghost_arena, roderic_roman_lattice
D:4:      layout_loops_corners, minmay_temple_entry_ruins, amethyst_killhole
D:5:      layout_cave_pools
Temple:   grunt_wide_crystal_templ

Skill      XL: |  1  2  3  4  5  6 |
---------------+-------------------+-----
Air Magic      | 4 5 |  5.0
Conjurations   | 2 3 |  3.5
Spellcasting   | 4 5 |  5.8
Stealth        | 3 |  3.2
Fighting       | |  0.1
Dodging        | |  2.8

Action                   |  1- 3 |  4- 6 || total
-------------------------+-------+-------++-------
Melee: Unarmed           |     4 |       ||     4
 Cast: Shock             |    61 |   114 ||   175
       Static Discharge  |       |     4 ||     4
Armor: Robe              |     2 |     6 ||     8
Dodge: Dodged            |     7 |     7 ||    14
